 Dungeon Crawl Stone Soup version 0.31-a0-325-g067879e3d3 (webtiles) character file.

Game seed: 6500263914763592010

348 cforsyth the Changeling (level 6, -1/48 HPs)
             Began as a Vampire Shapeshifter on July 19, 2023.
             Killed by divine providence
             ... invoked by an orc priest
              (11 damage)
             ... on level 3 of the Dungeon.
             The game lasted 00:03:44 (3005 turns).

cforsyth the Changeling (Vampire Shapeshifter)      Turns: 3005, Time: 00:03:44

Health: -1/48      AC:  2    Str: 16    XL:     6   Next: 33%
Magic:  6/6        EV: 12    Int: 10    God:
Gold:   187        SH:  0    Dex: 15    Spells: 5/5 levels left

rFire   . .          .
                       - Unarmed
rCold   + . .        (no shield)
rNeg    . . .        a - +0 animal skin
rPois   .            (helmet currently unavailable)
rElec   .            (cloak currently unavailable)
rCorr   .            (gloves currently unavailable)
SInv    +            (boots currently unavailable)
Will    .....        (no amulet)
Stlth   +            m - ring of protection from cold
HPRegen 0.48/turn    (no ring)
MPRegen 0.10/turn

%: no passive effects
@: beast-form, healing quickly
A: beast (slay +3), alive, fangs 3, see invisible, vampiric 2
a: Exsanguinate, Begin Untransformation


You were on level 3 of the Dungeon.
You were a hulking beast.
You visited 1 branch of the dungeon, and saw 4 of its levels.

You collected 187 gold pieces.

Inventory:

Armour
 a - a +0 animal skin (worn)
Jewellery
 m - a ring of protection from cold (left hand)
Talismans
 c - a beast talisman
Wands
 p - a wand of paralysis (5)
Scrolls
 d - a scroll of vulnerability {unknown}
 f - 2 scrolls of fear {unknown}
 g - 8 scrolls of identify {unknown}
 h - a scroll of amnesia {unknown}
 j - a scroll of enchant armour {unknown}
 k - a scroll of poison {unknown}
 l - a scroll of revelation {unknown}
 o - a scroll of teleportation {unknown}
Potions
 b - 3 potions of lignification
 e - a potion of curing {unknown}
 i - a potion of haste {unknown}
 n - a potion of resistance {unknown}


   Skills:
 + Level 3.8 Fighting
 - Level 2.1 Dodging
 + Level 4.5 Unarmed Combat
 + Level 4.7 Shapeshifting


You had 5 spell levels left.
You didn't know any spells.
Your spell library contained the following spells:

 Spells                   Type           Power      Damage    Failure   Level
 Sting                    Tmut/Pois      0%         1d3       36%         1
 Poisonous Vapours        Pois/Air       0%         N/A       50%         2
 Dazzling Flash           Conj/Hex       0%         N/A       75%         3
 Ozocubu's Armour         Ice            0%         N/A       75%         3
 Volatile Blastmotes      Fire/Tloc      0%         2d10      75%         3
 Olgreb's Toxic Radiance  Pois           0%         N/A       98%         4
 Metabolic Englaciation   Hex/Ice        0%         N/A       100%        5
 Simulacrum               Ice/Necr       0%         N/A       100%        6
 Starburst                Conj/Fire      0%         6d3       100%        6
 Maxwell's Capacitive Co  Air            0%         ∞         100%        8


Dungeon Overview and Level Annotations

Branches:
Dungeon (4/15)
 Temple: D:4-7

Altars:

Shops:
D:2 :(

Annotations:
D:2 1 runed translucent door, Crazy Yiuf


Innate Abilities, Weirdness & Mutations

You are a hulking beast.
Your limbs bulge with bestial killing power. (Slay +3)
Your natural rate of healing is accelerated.
You have razor-sharp teeth.
You have supernaturally acute eyesight. (SInv)
You are afflicted with vampirism and can become a bat while bloodless.


Message History

r - Retreat! s - Stop attacking. g - Guard the area. f - Follow me.
Anything else - Cancel.
You shout for attention!
You hear a shout! x5
There is a stone staircase leading up here.
An orc comes into view. It is wielding a +0 short sword.
An orc comes into view. It is wielding a +0 club.
The orc barely misses you.
You climb upwards.
There is a stone staircase leading down here.
You hit the orc priest.
The orc priest is moderately wounded.
The orc closely misses you. The orc priest hits you with a +0 whip.
You hit the orc priest but do no damage.
The orc priest is moderately wounded.
The orc hits you with a +0 hand axe. The orc priest hits you with a +0 whip.
You barely miss the orc priest.
The orc priest is moderately wounded.
The orc closely misses you.
The orc priest invokes the aid of Beogh against you.
Beogh smites you!
You closely miss the orc priest.
The orc priest is moderately wounded.
The orc hits you but does no damage.
The orc priest mumbles some strange prayers to Beogh against you.
Beogh smites you!
* * * LOW HITPOINT WARNING * * *
You are too injured to fight recklessly!
You are too injured to fight recklessly!
You are too injured to fight recklessly!
You are too injured to fight recklessly!
You are too injured to fight recklessly!
You are too injured to fight recklessly!
You hit the orc priest. Your bite misses the orc priest.
The orc priest is moderately wounded.
The orc hits you with a +0 hand axe.
* * * LOW HITPOINT WARNING * * *
The orc priest mumbles some strange prayers to Beogh against you.
Beogh smites you!
You die...

##############
#o...........# ###
#h...........# #..
#o...........# #..
#............# #..
#......>.....###..
#####..........)..
################.######(.
#...........# #..## ###
#...........# #...#
#...........# #.#.######


You could see an orc priest and an orc.

Vanquished Creatures
  3 orc priests
  Jessica (D:2)
  2 orc wizards (D:3)
  Ijyb (D:4)
  Robin (D:3)
  4 adders
  A dart slug (D:2)
  17 orcs
  4 bats
  4 endoplasms
  3 giant cockroaches
  15 goblins
  8 hobgoblins
  12 jackals
  6 kobolds
  A quokka (D:1)
  4 ball pythons
  6 frilled lizards
  5 rats
98 creatures vanquished.

Notes
Turn   | Place    | Note
-------+----------+-------------------------------------------
     0 | D:1      | cforsyth the Vampire Shapeshifter began the quest for the
                  | Orb.
     0 | D:1      | Reached XP level 1. HP: 16/16 MP: 1/1
   109 | D:1      | Reached XP level 2. HP: 21/22 MP: 2/2
   615 | D:1      | Gained mutation: You are afflicted with vampirism and can
                  | become a bat while bloodless. [Vampire growth]
   615 | D:1      | Reached XP level 3. HP: 28/28 MP: 3/3
   943 | D:2      | Found Oboxka's Book Shop.
   955 | D:2      | Noticed Jessica
   959 | D:2      | Killed Jessica
   960 | D:2      | Reached XP level 4. HP: 33/34 MP: 4/4
  1005 | D:2      | Noticed Robin
  1276 | D:3      | Killed Robin
  1481 | D:2      | Reached XP level 5. HP: 40/41 MP: 5/5
  1555 | D:2      | Found Kezo's Weapon Shoppe.
  1829 | D:2      | Found a runed translucent door.
  1830 | D:2      | Noticed Crazy Yiuf
  2306 | D:3      | Reached XP level 6. HP: 20/47 MP: 6/6
  2950 | D:4      | Noticed Ijyb
  2956 | D:4      | Killed Ijyb
  3005 | D:3      | Killed from afar by an orc priest

Illustrated notes

Levels and vault maps discovered:
D:1:      dpeg_arrival_leaves_temple_mockup, layout_basic
D:2:      layout_loops_ring, serial_shops, shop, shop, minmay_misc_feat_cross,
          wad_orctagon, uniq_crazy_yiuf_cottage, uniq_robin, uniq_jessica
D:3:      layout_basic
D:4:      layout_gridville, uniq_blork_the_orc, uniq_ijyb

Skill      XL: |  1  2  3  4  5 |
---------------+----------------+-----
Fighting       | 2 3 |  3.8
Unarmed Combat | 3 4 |  4.5
Shapeshifting  | 4 |  4.7
Dodging        | |  2.1

Action                     |  1- 3 |  4- 6 || total
---------------------------+-------+-------++-------
  Melee: Unarmed           |    70 |   179 ||   249
         Bite              |    11 |    12 ||    23
         Punch             |     2 |     3 ||     5
   Stab: Sleeping          |     1 |     2 ||     3
 Armour: Animal skin       |    25 |    23 ||    48
  Dodge: Dodged            |    78 |   121 ||   199

Table legend: (Time is in decaauts)
 A = Elapsed time spent in this place.
 B = Non-inter-level travel time spent in this place.
 C = Inter-level travel time spent in this place.
 D = Time resting spent in this place.
 E = Time spent auto-exploring this place.
 F = Levels seen in this place.
 G = Mean time per level.
                   A        B        C        D        E       F      G
               +--------+--------+--------+--------+--------+-----+--------+
         Total |   2998 |   2892 |    106 |    353 |   1941 |   4 |  749.5 |
       Dungeon |   2998 |   2892 |    106 |    353 |   1941 |   4 |  749.5 |
               +--------+--------+--------+--------+--------+-----+--------+

Top non-repeatable levels by time:
     D:3: 1093 daAuts
     D:2: 1046 daAuts
     D:1: 809 daAuts
     D:4: 49 daAuts
